AoeStats
← NOC | shiXo.#

Arabian Desert

510879817Analyzed
1v1 RM · 19h ago on Oct 2, 2026· 40m 27s· 2 players
Game mode
Random Map
Map size
Tiny (2 player)
Population
200
Speed
Normal
Resources
Standard
Victory
Conquest
Starting age
Dark Age
Ending age
Imperial Age
RankedLock teamsTeams togetherTeam positionsShared explorationLock speedFull tech treeHidden civsTurbo modeCheats
Victory
Defeat
🇩🇪 Khitans · Germany
2272
+12
🇦🇷 Aztecs · Argentina
2191
-12
PatrickJane
6:23 Loom
8:48 Feudal Age
8:54 Man-at-Arms
9:21 Double-Bit Axe
10:25 Arson
15:37 Scale Mail Armor
18:13 Forging
24:08 Castle Age
22:12 Horse Collar
23:24 Gold Mining
24:52 Squires
25:00 Eagle Warrior
26:46 Chain Mail Armor
31:07 Sanctity
34:13 Fervor
34:46 Town Watch
40:25 Fletching
41:15 Wheelbarrow
NOC | shiXo.#
6:26 Loom
8:54 Feudal Age
9:22 Double-Bit Axe
9:18 Domestication
17:21 Fletching
17:42 Forging
24:38 Castle Age
23:18 Gold Mining
24:58 Scale Mail Armor
25:52 Scale Barding Armor
31:36 Husbandry
33:03 Wheelbarrow
32:14 Town Watch
32:55 Squires
34:12 Hand Cart
33:57 Town Patrol
34:55 Iron Casting
35:21 Fletching
35:56 Lamellar Armor
36:13 Chain Mail Armor
36:26 Man-at-Arms
37:58 Devotion
38:36 Town Patrol
43:00 Imperial Age
39:51 Light Cavalry
Connection lost

Rejoining the realm…

Still unreachable

The connection could not be restored.

Session expired

The server has moved on; the page needs a fresh start.